Construct Section Command Post
Selects Air and Sea Battlegroup
Construct Platoon Command Post
Construct Field Infirmary
Unlock M3 Stuart Light Tanks
Construct Field Infirmary
Selects Commando Section Paradrop
6-pounder Anti-tank Gun Team
Construct Field Infirmary
Commando Section Paradrop
Construct Company Command Post
Selects M1 Pack Howitzer Paradrop
Selects Incendiary Bombing Run
Construct Field Infirmary